 Dungeon Crawl Stone Soup version 0.24-a0-249-g2af7e837d0 (webtiles) character file.

Game seed: 17526061874459700011

125 Redear the Skirmisher (level 4, 0/37 HPs)
             Began as a Demonspawn Fighter on Apr 13, 2019.
             Killed by nerve-wracking pain
             ... invoked by an orc priest
              (9 damage)
             ... on level 3 of the Dungeon.
             The game lasted 00:03:16 (2500 turns).

Redear the Skirmisher (Demonspawn Fighter)          Turns: 2500, Time: 00:03:16

Health: 0/37       AC:  6    Str: 16    XL:     4   Next: 82%
Magic:  4/4        EV: 10    Int:  9    God:
Gold:   129        SH:  0    Dex: 14    Spells: 3/3 levels left

rFire    + . .     SeeInvis .     - Unarmed
rCold    . . .     Gourm    .   (no shield)
rNeg     . . .     Faith    .   a - +0 scale mail
rPois    .         Spirit   .   (no helmet)
rElec    .         Reflect  .   (no cloak)
rCorr    .         Harm     .   (no gloves)
MR       .....                  (no boots)
Stlth    ..........             (no amulet)
HPRegen  0.12/turn              (no ring)
MPRegen  0.09/turn              (no ring)

@: no status effects
A: demonic guardian 1, fire resistance 1
a: no special abilities


You were on level 3 of the Dungeon.
You were not hungry.

You visited 1 branch of the dungeon, and saw 3 of its levels.

You collected 129 gold pieces.

Inventory:

Armour
 a - a +0 scale mail (worn)
 b - a +0 shield
Jewellery
 d - a +6 ring of dexterity {unknown}
Scrolls
 f - 4 scrolls of identify {unknown}
 h - a scroll of teleportation {unknown}
 i - a scroll of magic mapping {unknown}
 j - a scroll of enchant armour {unknown}
 l - a scroll of immolation {unknown}
Potions
 c - a potion of might {Str+5 DMG+1d10 | @q3}
 e - a potion of curing {unknown}
 g - a potion of brilliance {unknown}
 k - a potion of lignification {unknown}
Comestibles
 z - 4 rations


   Skills:
 + Level 3.8 Fighting
 - Level 2.6 Armour
 + Level 1.7 Dodging
 + Level 3.4 Shields
 + Level 2.7 Unarmed Combat


You had 3 spell levels left.
You didn't know any spells.
Your spell library was empty.

Dungeon Overview and Level Annotations

Branches:
Dungeon (2/15)

Altars:


Innate Abilities, Weirdness & Mutations

A weak demonic guardian rushes to your aid.
Your flesh is heat resistant. (rF+)


Message History

The orc priest is heavily wounded.
The orc priest hits you with a +0 dagger.
* * * LOW HITPOINT WARNING * * *
The orc closely misses your iron imp.
You take 3 damage, and have 8/37 hp.
Unknown command.
You hit the orc priest but do no damage.
The orc priest is heavily wounded.
A bat comes into view.
The orc priest hits you but does no damage.
The orc hits your iron imp but does no damage.
You closely miss the orc priest.
The orc priest is heavily wounded.
The orc priest barely misses you.
The orc completely misses your iron imp.
You hit the orc priest but do no damage.
The orc priest is heavily wounded.
The orc priest mumbles some strange prayers to Beogh against you.
Pain shoots through your body!
You die...

#+##....# # .
#.......# .# ..
#.......###.#
###.#...........#
................#
......†.........##.
###.#....##.........
........##o###....o
##.#.#+###@###.....
..... #5oob)....
###.#. #####....#
.... ..# .. . .


You could see an orc priest, 2 orcs, a bat and a friendly iron imp.

Vanquished Creatures
  4 adders
  2 dart slugs
  A leopard gecko (D:2)
  7 bats
  3 giant cockroaches
  5 goblins
  8 hobgoblins
  3 jackals (D:2)
  A ball python (D:1)
  A frilled lizard (D:2)
  5 kobolds
  7 rats
47 creatures vanquished.

Vanquished Creatures (collateral kills)
  An orc priest (D:3)
  3 gnolls (D:2)
  An orc (D:3)
  2 kobolds (D:3)
7 creatures vanquished.

Grand Total: 54 creatures vanquished

Notes
Turn   | Place    | Note
-------+----------+-------------------------------------------
     0 | D:1      | Redear the Demonspawn Fighter began the quest for the Orb.
     0 | D:1      | Reached XP level 1. HP: 18/18 MP: 1/1
   140 | D:1      | Reached skill level 2 in Unarmed Combat
   140 | D:1      | Gained mutation: A weak demonic guardian rushes to your
                  | aid. [demonic ancestry]
   140 | D:1      | Reached XP level 2. HP: 24/24 MP: 2/2
   544 | D:1      | Reached skill level 3 in Shields
  1142 | D:2      | Reached skill level 1 in Dodging
  1142 | D:2      | Gained mutation: Your flesh is heat resistant. (rF+)
                  | [demonic ancestry]
  1142 | D:2      | Reached XP level 3. HP: 22/29 MP: 3/3
  1637 | D:2      | HP: 2/29 [poisoned by an adder]
  1645 | D:2      | HP: 1/29 [poisoned by an adder]
  1864 | D:2      | Reached XP level 4. HP: 12/35 MP: 4/4
  2455 | D:2      | You fall through a shaft!
  2500 | D:3      | Killed from afar by an orc priest

Levels and vault maps discovered:
D:1:      minmay_arrival_four_loops, layout_basic, corexii_corridor_pit,
          nrook_mini_backslash
D:2:      layout_basic, kennysheep_nondescript, item_on_display_a
D:3:      layout_basic

Skill      XL: |  1  2 |
---------------+-------+-----
Unarmed Combat | 2 |  2.7
Shields        | 3 |  3.4
Dodging        | 1 |  1.7
Fighting       | |  3.8
Armour         | |  2.6

Action                   |  1- 3 |  4- 6 || total
-------------------------+-------+-------++-------
Melee: Unarmed           |   160 |   107 ||   267
       Punch             |       |     4 ||     4
  Eat: Chunk             |     2 |     3 ||     5
Armor: Scale mail        |    56 |    45 ||   101
Dodge: Dodged            |    82 |    51 ||   133
Block: Shield            |     8 |       ||     8

Table legend:
 A = Non-vault XP
 B = Vault XP
 C = Vault XP percentage of total XP
 D = Non-vault monster count
 E = Vault monster count
 F = Vault count percentage of total count
                 A         B        C        D         E       F
            +---------+---------+-------+---------+---------+-------
      Total |     179 |       0 |   0.0 |      54 |       0 |   0.0
            +---------+---------+-------+---------+---------+-------
        D:1 |      40 |       0 |   0.0 |      24 |       0 |   0.0
        D:2 |     100 |       0 |   0.0 |      25 |       0 |   0.0
        D:3 |      39 |       0 |   0.0 |       5 |       0 |   0.0
            +---------+---------+-------+---------+---------+-------
